 Dungeon Crawl Stone Soup version 0.31.0-11-ge490571c62 (webtiles) character file.

Game seed: 10676672684000272727

51 browni3141 the Cudgeller (level 3, -2/34 HPs)
             Began as a Naga Monk on Feb 1, 2024.
             Blown up by Ijyb (18 damage)
             ... with a mindburst bolt
             ... on level 4 of the Dungeon.
             The game lasted 00:02:22 (265 turns).

browni3141 the Cudgeller (Naga Monk)                 Turns: 265, Time: 00:02:23

Health: -2/34      AC:  3    Str: 15    XL:     3   Next: 81%
Magic:  5/5        EV: 10    Int: 10    God:
Gold:   4          SH:  0    Dex: 13    Spells: 5/5 levels left

rFire   + . .        a - +0 mace
rCold   . . .        d - orb {light}
rNeg    . . .        b - +0 robe
rPois   +            (no helmet)
rElec   .            g - +0 cloak
rCorr   .            (no gloves)
SInv    +            (no barding)
Will    .....        (no amulet)
Stlth   +            h - ring of protection from fire
HPRegen 0.25/turn    (no ring)
MPRegen 0.09/turn

%: no passive effects
@: short of breath, glowing, very slow
A: AC +1, large, see invisible, deformed body, poison resistance, slowness 2,
spit poison 1, naga tail 1
a: Spit Poison


You were on level 4 of the Dungeon.
You visited 1 branch of the dungeon, and saw 4 of its levels.

You collected 4 gold pieces.

Inventory:

Hand Weapons
 a - a +0 mace (weapon)
Armour
 b - a +0 robe (worn)
 d - an orb of light (worn)
 g - a +0 cloak (worn)
Jewellery
 h - a ring of protection from fire (left hand)
Potions
 c - a potion of ambrosia
 e - a potion of cancellation {unknown}
 f - a potion of heal wounds {unknown}


   Skills:
 - Level 3.1 Fighting
 - Level 3.1 Maces & Flails
 - Level 2.5 Dodging
 * Level 1.5 Spellcasting
 * Level 1.7 Necromancy


You had 5 spell levels left.
You didn't know any spells.
Your spell library was empty.

Dungeon Overview and Level Annotations

Branches:
Dungeon (4/15)
 Temple: D:4-7

Altars:

Annotations:
D:4 Ijyb


Innate Abilities, Weirdness & Mutations

Your serpentine skin is tough. (AC +1)
You have supernaturally acute eyesight. (SInv)
Armour fits poorly on your strangely shaped body.
Your system is resistant to poisons. (rPois)
You cover ground very slowly.
You can spit poison.
You have a snake-like lower body.


Message History

The dart slug is poisoned.
You kill the dart slug!
You climb downwards.
You hear the sound of rushing water.
There is an entrance to a sewer on this level.
Hurry and find it before the portal rusts away!
There is a stone staircase leading up here.
You hear the slow rusting of a very distant drain.
You have got your breath back.
Found an escape hatch in the ceiling.
There is an escape hatch in the ceiling here.
You see here a +0 mace.
A frilled lizard comes into view.
A kobold comes into view. It is wielding a +0 club.
The kobold shouts!
The splash of poison hits the frilled lizard.
The frilled lizard is poisoned.
You kill the frilled lizard!
The kobold throws a stone.
The stone hits you but does no damage.
You hear the slow rusting of a very distant drain.
You sock the kobold!
You kill the kobold!
You have got your breath back.
Things that are here:
a +0 club; 5 stones; a kobold corpse You see here a ring of protection from fire.
h - a ring of protection from fire
h - a ring of protection from fire (left hand)
Found an escape hatch in the floor.
Press: ? - help, v - describe, . - travel, g - get item Item here: a runed war axe.
The floor.
This square is lit by a halo.
There is an escape hatch in the floor here.
You slide downwards.
The hatch slams shut behind you.
Found a stone staircase leading down.
An endoplasm comes into view.
You see here 4 gold pieces.
You now have 4 gold pieces.
The endoplasm quivers.
The splash of poison hits the endoplasm.
The endoplasm is poisoned.
The endoplasm is lightly wounded.
The endoplasm closely misses you.
You hit the endoplasm but do no damage.
The endoplasm is severely wounded.
The endoplasm hits you. x2
You hit the endoplasm.
You kill the endoplasm!
Your Necromancy skill increases to level 1!
You have got your breath back.
A hound comes into view.
An endoplasm comes into view.
The splash of poison hits the endoplasm.
The endoplasm completely resists.
You hit the endoplasm.
The endoplasm is almost dead.
The endoplasm misses you.
You hit the endoplasm.
You kill the endoplasm!
You have got your breath back.
The hound barks!
The splash of poison hits the hound!
The hound is heavily wounded.
You hit the hound but do no damage.
The hound is heavily wounded.
The hound pauses to sniff the ground.
The hound closely misses you. The hound bites you.
You hit the hound.
The hound is heavily wounded.
You have got your breath back.
The hound bites you. The hound closely misses you.
You hit the hound.
The hound is severely wounded.
The hound bites you. x2
The splash of poison hits the hound but does no damage.
The hound is poisoned.
The hound is severely wounded.
The hound closely misses you.
You hit the hound but do no damage.
The hound is almost dead.
The hound bites you. x2
You closely miss the hound.
The hound is almost dead.
The hound bites you. The hound closely misses you.
You hit the hound.
You kill the hound!
Your Spellcasting skill increases to level 1!
You have reached level 3!
Your experience leads to an increase in your attributes!
Increase (S)trength, (I)ntelligence, or (D)exterity?
You feel stronger. x2; Your skin feels tougher.
You have got your breath back.
Ijyb the Twisted Goblin comes into view.
She is wielding a +0 club and carrying a wand of mindburst.
Ijyb moves out of view.
Ijyb zaps a wand.
You barely resist.
The splash of poison hits Ijyb.
Ijyb is poisoned.
Ijyb is lightly wounded.
Ijyb zaps a wand.
Your mind is blasted!
Ouch! That really hurt!
You die...

..# #.# .... .# #
#.# ... .# .# #.#
#.. .#.. #.##
#..#.#. ...# .....
#..# g.. #..# #.#
...# #@# ##.# ####
####.# ...#####..
..#.# ##.......#
#.#.#
##.####..#####.#.#
##.####..##......#
......#..##.##.###
##.##.......##.#
#.####........#


You could see Ijyb (poisoned).

Vanquished Creatures
  A hound (D:4)
  2 dart slugs
  2 ribbon worms (D:3)
  A ball python (D:2)
  2 endoplasms (D:4)
  2 hobgoblins (D:2)
  2 kobolds (D:3)
  2 frilled lizards (D:3)
  A rat (D:2)
15 creatures vanquished.

Notes
Turn   | Place    | Note
-------+----------+-------------------------------------------
     0 | D:1      | browni3141 the Naga Monk began the quest for the Orb.
     0 | D:1      | Reached XP level 1. HP: 21/21 MP: 1/1
    50 | D:2      | Reached XP level 2. HP: 27/28 MP: 2/2
   228 | D:4      | Reached skill level 1 in Necromancy
   246 | D:4      | Reached skill level 1 in Spellcasting
   246 | D:4      | Reached XP level 3. HP: 9/34 MP: 3/5
   263 | D:4      | Noticed Ijyb
   265 | D:4      | Blown up by Ijyb

Illustrated notes

Levels and vault maps discovered:
D:1:      erik_arrival_orb_chamber, layout_basic,
          hellmonk_ecumenical_altar_pennies_from_heaven
D:2:      minmay_wonky_spiral, layout_basic, basic_altar, minmay_pentomino_r4
D:3:      layout_loops_ring, nicolae_uskayaw_suspiria,
          mainiacjoe_sewer_entry_somewhere_in_here_2, small_statue_intersection,
          uniq_pargi
D:4:      cheibrodos_barr_body, layout_loops_cross, general_overflow_altar,
          gammafunk_ghost_mausoleum, uniq_ijyb

Skill      XL: |  1  2 |
---------------+-------+-----
Necromancy     | 1 |  1.7
Spellcasting   | 1 |  1.5
Fighting       | |  3.1
Maces & Flails | |  3.1
Dodging        | |  2.5

Action                     || total
---------------------------++-------
  Melee: Mace              ||    28
Ability: Spit Poison       ||    14
 Armour: Robe              ||    20
  Dodge: Dodged            ||    20
